 Dungeon Crawl Stone Soup version 0.31.0-9-g3a7656b989 (webtiles) character file.

Game seed: 13342394052391986179

50263 qw the Spry (level 13, -8/67 HPs)
             Began as a Spriggan Hunter on Feb 2, 2024.
             Was a High Priest of Okawaru.
             Incinerated by a smoke demon (10 damage)
             ... with a pyre arrow
             ... on level 5 of the Lair of Beasts.
             The game lasted 00:02:25 (13766 turns).

qw the Spry (Spriggan Hunter)                      Turns: 13766, Time: 00:02:25

Health: -8/67      AC:  9    Str:  7    XL:     13   Next: 73%
Magic:  21/21      EV: 37    Int: 12    God:    Okawaru [*****.]
Gold:   711        SH:  5    Dex: 22    Spells: 12/12 levels left

rFire   . . .        m - +0 orcbow (flame)
rCold   . . .        (shield currently unavailable)
rNeg    . . .        d - +1 troll leather armour {Pargi}
rPois   .            (helmet restricted)
rElec   .            f - +0 cloak
rCorr   .            (gloves unavailable)
SInv    +            (boots unavailable)
Will    ++...        g - amulet of reflection
Stlth   +            a - +5 ring of evasion
HPRegen 1.11/turn    p - +4 ring of protection
MPRegen 0.17/turn

%: reflection
@: on fire, about to teleport, glowing, very quick
A: very small, no large weapons, unfitting armour, see invisible, speed 3
a: Renounce Religion, Heroism, Finesse, Duel


You were on level 5 of the Lair of Beasts.
You worshipped Okawaru.
Okawaru was extremely pleased with you.
You visited 3 branches of the dungeon, and saw 16 of its levels.
You also visited: Sewer.

You collected 1106 gold pieces.
You spent 395 gold pieces at shops.


Innate Abilities, Weirdness & Mutations

You are very small and have problems with some larger weapons.
You are too small for most types of armour.
You have supernaturally acute eyesight. (SInv)
You cover ground extremely quickly. (Speed+++)


   Skills:
 + Level 7.1 Fighting
 - Level 16.0 Ranged Weapons
 - Level 1.0 Armour
 - Level 17.0 Dodging
 - Level 1.5 Stealth
 - Level 10.0 Invocations


You had 12 spell levels left.
You didn't know any spells.
Your spell library was empty.

Inventory:

Hand Weapons
 m - a +0 orcbow of flaming (weapon)
Armour
 d - a +1 troll leather armour (worn) {Pargi}
 f - a +0 cloak (worn)
 k - a +1 cloak of stealth
Jewellery
 a - a +5 ring of evasion (left hand)
 g - an amulet of reflection (around neck)
 p - a +4 ring of protection (right hand)
Wands
 b - a wand of mindburst (7)
 n - a wand of polymorph (8)
 q - a wand of iceblast (18)
Scrolls
 h - a scroll of identify
Potions
 c - a potion of resistance
 e - 3 potions of mutation
 i - 3 potions of enlightenment
 j - 2 potions of cancellation
 l - 4 potions of might
 o - 7 potions of haste
 s - a potion of magic
 t - 3 potions of curing

Dungeon Overview and Level Annotations

Branches:
Dungeon (10/15)            Temple (1/1) D:7            Lair (5/5) D:10
 Shoals (0/4) Lair:3        Snake (0/4) Lair:2          Orc (0/2) D:10
  Sewer (visited)
  Slime: Lair:4-5

Altars:
Ashenzari
Cheibriados
Dithmenos
Elyvilon
Fedhas
Gozag
Hepliaklqana
Kikubaaqudgha
Makhleb
Nemelex Xobeh
Okawaru
Qazlal
Ru
Sif Muna
Trog
Uskayaw
Vehumet
Wu Jian
Xom
Yredelemnul
Zin
The Shining One
Jiyva

Shops:
D:4 =(=*   D:7 *

Portals:
Trove: D:10 (show slimy rune of Zot)

Annotations:
D:7 1 runed translucent door, qw's ghost, novice DEHu
Lair:4 exclusion: 3 oklob plants


Message History

The basilisk gazes at you. You resist with almost no effort.
The smoke demon gestures at you. The ball of steam misses you.
You shoot an arrow. The arrow hits the smoke demon!
The smoke demon is moderately wounded.
You are engulfed in a cloud of scalding steam.
You shoot an arrow. The arrow hits the smoke demon.
The smoke demon is moderately wounded.
You are engulfed in a cloud of scalding steam.
The smoke demon completely misses you. x2; The smoke demon barely misses you.
The smoke demon gestures at you. The pyre arrow misses you.
You shoot an arrow.
The arrow hits the smoke demon but does no damage.
The smoke demon is moderately wounded.
You are engulfed in a cloud of scalding steam.
The smoke demon completely misses you. x3; The smoke demon closely misses you.
The smoke demon completely misses you. You block the smoke demon's attack.
You shoot an arrow.
The arrow hits the smoke demon but does no damage.
The smoke demon is moderately wounded.
The smoke demon gestures at you. The ball of steam misses you.
The smoke demon gestures at you. The ball of steam misses you.
You shoot an arrow.
The arrow barely misses the smoke demon.
You are engulfed in a cloud of scalding steam.
The smoke demon gestures at you. The pyre arrow hits you.
You are covered in intense liquid fire!
The smoke demon gestures at you. Something smites you!
13766 ||| READING scroll of teleportation.
As you read the scroll of teleportation, it crumbles to dust.
You feel strangely unstable.
You are engulfed in a cloud of scalding steam.
The liquid fire burns you!
You die... 7777777 77

7777|¤%..7 .7
7777...¤.77¤%3...F. 7
77....%..777777h.... 7
77......777 ..77 7
777..(....777 777..77
77777......77..377¤.....
..77....777777.3@¤l7
......777 7777.77
....777 77 ..77777
.7777.7 777?..7 777...7
..77%.77 7......7


You could see 2 smoke demons and a basilisk.

Vanquished Creatures
  A hydra (Lair:5)
  A two-headed ogre (D:9)
  5 death yaks (D:10)
  Sonja (D:10)
  Nergalle (D:10)
  Pikel (D:8)
  An ugly thing (Lair:5)
  Maurice (D:10)
  12 elephants
  An oklob plant (Lair:4)
  6 centaur zombies (D:10)
  2 black mambas (Lair:2)
  A smoke demon (Lair:5)
  5 cane toads
  2 torpor snails
  An unseen horror zombie (D:10)
  4 komodo dragons
  A kobold demonologist (D:8)
  3 rime drakes (Lair:4)
  2 trolls
  2 hornets (D:8)
  2 polar bears
  A raiju (Lair:5)
  17 blink frogs
  4 dream sheep (Lair:1)
  9 small abominations (Lair:5)
  4 basilisks
  37 yaks
  A ynoxinul (Lair:5)
  A vampire (D:9)
  3 wyverns
  2 wraiths
  2 steam dragons
  A chaos spawn (Lair:5)
  13 water moccasins
  A swamp drake (D:10)
  Pargi (Sewer)
  4 orc warriors
  4 black bears
  10 ogres
  10 wolves
  6 centaurs
  A phantom (D:4)
  10 bullfrogs
  2 kobold brigands
  A brain worm (Sewer)
  4 gnoll sergeants (D:8)
  2 scorpions
  15 wights
  10 killer bees
  10 howler monkeys
  3 bombardier beetles
  A human zombie (D:10)
  A jelly (Sewer)
  13 orc priests
  2 sleepcaps
  10 hounds
  An iguana (D:6)
  3 gnoll boudas (D:8)
  7 hell rats (Lair:4)
  17 orc wizards
  2 howler monkey zombies (D:10)
  13 gnolls
  6 adders
  A shadow imp (D:7)
  A white imp (D:8)
  2 ufetubi (D:6)
  4 ribbon worms
  40 orcs
  3 endoplasms
  4 giant cockroaches
  10 hobgoblins
  4 jackals (D:3)
  15 kobolds
  5 quokkas
  7 ball pythons
  15 bats
  4 frilled lizards
  7 goblins
  2 rats (D:2)
445 creatures vanquished.

Vanquished Creatures (collateral kills)
  3 orc priests (D:10)
  2 orcs (D:10)
5 creatures vanquished.

Grand Total: 450 creatures vanquished

Notes
Turn   | Place    | Note
-------+----------+-------------------------------------------
     0 | D:1      | qw the Spriggan Hunter began the quest for the Orb.
     0 | D:1      | Reached XP level 1. HP: 10/10 MP: 2/2
     0 | D:1      | 0 ||| qw: Version: 0.3-a-155-g5e7d8dd
     0 | D:1      | 0 ||| qw: Game counter: 1222
     0 | D:1      | 0 ||| qw: Melee chars always use a shield: true
     0 | D:1      | 0 ||| qw: God list: Okawaru
     0 | D:1      | 0 ||| qw: Allow faded altars: false
     0 | D:1      | 0 ||| qw: Do Orc after clearing Dungeon:15 true
     0 | D:1      | 0 ||| qw: Do second Lair branch before Depths: true
     0 | D:1      | 0 ||| qw: Lair rune preference: random
     0 | D:1      | 0 ||| qw: Goals: Normal
     0 | D:1      | 0 ||| PLANNING D:1-11
   136 | D:1      | Reached skill level 3 in Dodging
   245 | D:1      | Reached XP level 2. HP: 14/14 MP: 3/3
   390 | D:1      | 390 ||| DROPPING ring of wizardry.
   391 | D:1      | 391 ||| DROPPING +6 ring of intelligence.
   392 | D:1      | 392 ||| READING scroll labelled QAGA ZEIDWABOM.
   393 | D:1      | 393 ||| READING scroll labelled IMUCAC BOAF.
   394 | D:1      | 394 ||| READING 2 scrolls labelled NIDITT VETASK.
   395 | D:1      | 395 ||| READING scroll labelled NEABRIANUAB.
   395 | D:1      | 395 ||| IDENTIFYING viscous green potion
   396 | D:1      | 396 ||| DRINKING 2 inky potions.
   397 | D:1      | 397 ||| DRINKING 2 ruby potions.
   398 | D:1      | 398 ||| DROPPING scroll of butterflies.
   399 | D:1      | 399 ||| DROPPING scroll of revelation.
   400 | D:1      | 400 ||| DROPPING potion of brilliance.
   432 | D:2      | Reached skill level 4 in Dodging
   483 | D:2      | Reached XP level 3. HP: 18/18 MP: 4/4
   547 | D:2      | Found a faded altar of an unknown god.
   710 | D:2      | Reached XP level 4. HP: 22/22 MP: 5/5
   779 | D:2      | Found a sparkling altar of Nemelex Xobeh.
   997 | D:2      | 997 ||| READING scroll labelled WIOPIDGH XAGU.
  1002 | D:2      | 1002 ||| READING scroll labelled GOQAVA TUTUTS.
  1002 | D:2      | 1002 ||| ENCHANTING +0 shortbow.
  1009 | D:3      | 1009 ||| PLANNING SEWER
  1361 | D:3      | Reached skill level 5 in Dodging
  1502 | D:3      | Found a glowing drain.
  1503 | D:3      | 1503 ||| UPGRADING to amulet of reflection.
  1508 | D:3      | 1508 ||| READING scroll labelled LIXYENKYIDE.
  1532 | Sewer    | Entered a sewer
  1532 | Sewer    | Noticed Pargi
  1533 | Sewer    | 1533 ||| ZAPPING wand of mindburst (18) at 4,0 (Pargi;
                  | floor).
  1534 | Sewer    | 1534 ||| ZAPPING wand of mindburst (17) at 3,0 (Pargi;
                  | broken_door).
  1535 | Sewer    | 1535 ||| ZAPPING wand of mindburst (16) at 2,0 (Pargi;
                  | floor).
  1536 | Sewer    | 1536 ||| ZAPPING wand of mindburst (15) at 1,0 (Pargi;
                  | floor).
  1537 | Sewer    | 1537 ||| ZAPPING wand of mindburst (14) at 1,0 (Pargi;
                  | floor).
  1538 | Sewer    | 1538 ||| ZAPPING wand of mindburst (13) at 1,0 (Pargi;
                  | floor).
  1538 | Sewer    | Killed Pargi
  1539 | Sewer    | Reached skill level 3 in Fighting
  1539 | Sewer    | Reached XP level 5. HP: 23/28 MP: 6/6
  1690 | Sewer    | Reached XP level 6. HP: 17/32 MP: 4/7
  1793 | Sewer    | 1793 ||| UPGRADING to +0 troll leather armour {Pargi}.
  1803 | Sewer    | 1803 ||| DROPPING +0 robe.
  1820 | D:3      | 1820 ||| PLANNING D:1-11
  1854 | D:3      | Reached skill level 6 in Ranged Weapons
  2201 | D:4      | Found an opulent altar of Gozag.
  2231 | D:4      | Found Cez Osh's Antique Weapon Emporium.
  2379 | D:4      | Found Tinokhlyuph's Assorted Antiques.
  2408 | D:4      | Found a sparkling altar of Nemelex Xobeh.
  2462 | D:4      | Found a sacrificial altar of Ru.
  2528 | D:4      | 2528 ||| BUYING forked bone wand (80 gold).
  2528 | D:4      | Bought a forked bone wand for 80 gold pieces
  2528 | D:4      | 2528 ||| BUYING scroll of enchant armour (150 gold).
  2528 | D:4      | Bought a scroll of enchant armour for 150 gold pieces
  2528 | D:4      | 2528 ||| SHOPLISTING shiny brass wand (80 gold, have 40).
  2528 | D:4      | 2528 ||| SHOPLISTING wand of flame (13) (182 gold, have
                  | 40).
  2528 | D:4      | 2528 ||| READING scroll of enchant armour.
  2528 | D:4      | 2528 ||| ENCHANTING +0 troll leather armour {Pargi}.
  2566 | D:4      | Found Itwiph's Jewellery Shop.
  2570 | D:4      | 2570 ||| SHOPLISTING amulet "Hieddiesk" {RegenMP rF+} (616
                  | gold, have 40).
  2570 | D:4      | 2570 ||| SHOPLISTING amulet of faith (560 gold, have 40).
  2570 | D:4      | 2570 ||| SHOPLISTING ring of Veuduadda {rC+ rN+ Dex+4} (593
                  | gold, have 40).
  2570 | D:4      | 2570 ||| SHOPLISTING ring of protection from cold (350
                  | gold, have 40).
  2669 | D:4      | Reached skill level 6 in Dodging
  2675 | D:4      | Noticed a steam dragon
  2676 | D:4      | 2676 ||| ZAPPING wand of flame (3) at -1,2 (steam dragon;
                  | floor).
  2677 | D:4      | 2677 ||| ZAPPING wand of flame (2) at -1,1 (steam dragon;
                  | floor).
  2678 | D:4      | 2678 ||| ZAPPING wand of flame (1) at -1,1 (steam dragon;
                  | floor).
  2679 | D:4      | 2679 ||| ZAPPING wand of mindburst (12) at -1,1 (steam
                  | dragon; floor).
  2680 | D:4      | 2680 ||| ZAPPING wand of mindburst (11) at -1,1 (steam
                  | dragon; floor).
  2680 | D:4      | Killed a steam dragon
  2681 | D:4      | Reached XP level 7. HP: 19/36 MP: 8/8
  2682 | D:4      | 2682 ||| Stepping ~*~*~tactically~*~*~ (cloud).
  2768 | D:4      | Found Xyzohiah's Jewellery Shoppe.
  2792 | D:4      | 2792 ||| SHOPLISTING amulet of faith (400 gold, have 51).
  2792 | D:4      | 2792 ||| SHOPLISTING ring of fire (250 gold, have 51).
  2792 | D:4      | 2792 ||| SHOPLISTING ring of protection from cold (250
                  | gold, have 51).
  2829 | D:4      | Found a burning altar of Makhleb.
  2992 | D:4      | 2992 ||| READING 3 scrolls of identify.
  2992 | D:4      | 2992 ||| IDENTIFYING smoky black potion
  2993 | D:4      | 2993 ||| READING 2 scrolls of identify.
  2993 | D:4      | 2993 ||| IDENTIFYING sapphire potion
  2994 | D:4      | 2994 ||| READING scroll of identify.
  2994 | D:4      | 2994 ||| IDENTIFYING fizzy green potion
  2995 | D:4      | 2995 ||| READING scroll labelled DANTEA JUES.
  3178 | D:5      | Entered Level 5 of the Dungeon
  3178 | D:5      | Found a bloodstained altar of Trog.
  3226 | D:5      | HP: 8/36 [burnt (4)]
  3227 | D:5      | 3227 ||| READING 2 scrolls of teleportation.
  3227 | D:5      | HP: 1/36 [burnt (4)]
  3228 | D:5      | 3228 ||| DRINKING potion of heal wounds.
  3516 | D:5      | Found a shimmering blue altar of Sif Muna.
  3678 | D:5      | Found a broken altar of Ashenzari.
  3729 | D:5      | Reached skill level 7 in Dodging
  3744 | D:5      | 3744 ||| SWAPPING to +0 orcbow.
  3745 | D:5      | 3745 ||| DROPPING +0 shortbow.
  3857 | D:5      | 3857 ||| READING 2 scrolls of identify.
  3857 | D:5      | 3857 ||| IDENTIFYING yellow potion
  3858 | D:5      | 3858 ||| READING scroll of identify.
  3858 | D:5      | 3858 ||| IDENTIFYING emerald potion
  3859 | D:5      | 3859 ||| DROPPING potion of degeneration.
  3860 | D:5      | 3860 ||| DROPPING potion of invisibility.
  3909 | D:6      | Reached XP level 8. HP: 40/40 MP: 9/9
  4280 | D:6      | 4280 ||| FLEEEEING.
  4281 | D:6      | 4281 ||| FLEEEEING.
  4282 | D:6      | 4282 ||| FLEEEEING.
  4283 | D:6      | 4283 ||| FLEEEEING.
  4390 | D:6      | 4390 ||| FLEEEEING.
  4392 | D:6      | 4392 ||| FLEEEEING.
  4394 | D:6      | 4394 ||| FLEEEEING.
  4395 | D:6      | 4395 ||| FLEEEEING.
  4396 | D:6      | 4396 ||| FLEEEEING.
  4397 | D:6      | 4397 ||| FLEEEEING.
  4398 | D:6      | 4398 ||| FLEEEEING.
  4696 | D:6      | 4696 ||| FLEEEEING.
  4697 | D:6      | 4697 ||| FLEEEEING.
  4698 | D:6      | 4698 ||| FLEEEEING.
  4699 | D:6      | 4699 ||| FLEEEEING.
  4701 | D:6      | 4701 ||| FLEEEEING.
  4702 | D:6      | 4702 ||| FLEEEEING.
  4703 | D:6      | 4703 ||| FLEEEEING.
  4704 | D:6      | 4704 ||| FLEEEEING.
  4705 | D:6      | 4705 ||| FLEEEEING.
  4707 | D:6      | 4707 ||| FLEEEEING.
  4708 | D:6      | 4708 ||| FLEEEEING.
  4709 | D:6      | 4709 ||| FLEEEEING.
  4711 | D:6      | 4711 ||| FLEEEEING.
  4712 | D:6      | 4712 ||| FLEEEEING.
  4717 | D:6      | Reached skill level 9 in Ranged Weapons
  5037 | D:6      | 5037 ||| UPGRADING to +5 ring of evasion.
  5038 | D:6      | 5038 ||| READING scroll labelled ATILUPH EKIN.
  5039 | D:6      | 5039 ||| READING scroll labelled ONIWNU ZINEUB.
  5047 | D:7      | Found Ufocuw's General Store.
  5065 | D:7      | 5065 ||| BUYING potion of heal wounds (75 gold).
  5065 | D:7      | Bought a potion of heal wounds for 75 gold pieces
  5065 | D:7      | 5065 ||| BUYING scroll of teleportation (45 gold).
  5065 | D:7      | Bought a scroll of teleportation for 45 gold pieces
  5065 | D:7      | 5065 ||| BUYING scroll of teleportation (45 gold).
  5065 | D:7      | Bought a scroll of teleportation for 45 gold pieces
  5067 | D:7      | Noticed a troll
  5068 | D:7      | 5068 ||| ZAPPING wand of mindburst (10) at -7,4 (troll;
                  | floor).
  5069 | D:7      | 5069 ||| ZAPPING wand of mindburst (9) at -6,4 (troll;
                  | floor).
  5070 | D:7      | 5070 ||| ZAPPING wand of mindburst (8) at -5,4 (troll;
                  | floor).
  5070 | D:7      | Killed a troll
  5071 | D:7      | Reached skill level 8 in Dodging
  5100 | D:7      | 5100 ||| FLEEEEING.
  5101 | D:7      | 5101 ||| FLEEEEING.
  5103 | D:7      | 5103 ||| FLEEEEING.
  5104 | D:7      | 5104 ||| FLEEEEING.
  5105 | D:7      | 5105 ||| FLEEEEING.
  5109 | D:7      | Reached skill level 9 in Dodging
  5117 | D:7      | 5117 ||| RETREEEEATING.
  5119 | D:7      | 5119 ||| RETREEEEATING.
  5120 | D:7      | 5120 ||| RETREEEEATING.
  5121 | D:7      | 5121 ||| RETREEEEATING.
  5122 | D:7      | 5122 ||| RETREEEEATING.
  5123 | D:7      | 5123 ||| RETREEEEATING.
  5126 | D:7      | HP: 7/40 [orc priest/divine providence (14)]
  5127 | D:7      | 5127 ||| READING 3 scrolls of teleportation.
  5128 | D:7      | 5128 ||| DRINKING potion of heal wounds.
  5244 | D:7      | Found a staircase to the Ecumenical Temple.
  5245 | D:7      | 5245 ||| PLANNING TEMPLE
  5250 | Temple   | Entered the Ecumenical Temple
  5251 | Temple   | 5251 ||| PLANNING OKAWARU WORSHIP
  5259 | Temple   | Became a worshipper of Warmaster Okawaru
  5260 | Temple   | 5260 ||| PLANNING D:1-11
  5382 | D:7      | Reached XP level 9. HP: 35/44 MP: 10/10
  5505 | D:7      | 5505 ||| DRINKING potion of curing.
  5505 | D:7      | 5505 ||| (to cure confusion)
  5557 | D:7      | Found a shadowy altar of Dithmenos.
  5649 | D:7      | Found a runed translucent door.
  5650 | D:7      | Found a shimmering altar of Xom.
  5650 | D:7      | Noticed qw's ghost (novice DEHu)
  5650 | D:7      | Noticed a +2 scimitar of chaos
  5787 | D:8      | Reached skill level 10 in Dodging
  5826 | D:8      | Reached * piety under Okawaru
  5850 | D:8      | Reached skill level 1 in Invocations
  5939 | D:8      | Reached skill level 3 in Invocations
  5958 | D:8      | Noticed a kobold demonologist
  5959 | D:8      | 5959 ||| RETREEEEATING.
  5964 | D:8      | Noticed a hellwing
  5972 | D:8      | Reached ** piety under Okawaru
  5977 | D:8      | 5977 ||| INVOKING Heroism.
  5981 | D:8      | Killed a kobold demonologist
  6084 | D:8      | Reached XP level 10. HP: 46/49 MP: 14/14
  6221 | D:8      | Noticed Pikel
  6222 | D:8      | 6222 ||| RETREEEEATING.
  6224 | D:8      | 6224 ||| RETREEEEATING.
  6226 | D:8      | 6226 ||| RETREEEEATING.
  6228 | D:8      | 6228 ||| RETREEEEATING.
  6230 | D:8      | 6230 ||| INVOKING Heroism.
  6239 | D:8      | Killed Pikel
  6240 | D:8      | Reached skill level 11 in Dodging
  6251 | D:8      | Found a glowing silver altar of Zin.
  6282 | D:8      | Found a blossoming altar of Fedhas.
  6380 | D:8      | 6380 ||| RETREEEEATING.
  6402 | D:8      | 6402 ||| INVOKING Heroism.
  6486 | D:8      | Found a white marble altar of Elyvilon.
  6832 | D:8      | Reached *** piety under Okawaru
  6841 | D:8      | Reached skill level 12 in Ranged Weapons
  7082 | D:8      | 7082 ||| READING 6 scrolls of identify.
  7082 | D:8      | 7082 ||| IDENTIFYING 2 cyan potions
  7083 | D:8      | 7083 ||| READING 5 scrolls of identify.
  7083 | D:8      | 7083 ||| IDENTIFYING scroll labelled GEW UKKOISAGG
  7084 | D:8      | 7084 ||| READING scroll of brand weapon.
  7084 | D:8      | 7084 ||| BRANDING +0 orcbow.
  7170 | D:9      | 7170 ||| Stepping ~*~*~tactically~*~*~ (cloud).
  7242 | D:9      | Reached skill level 12 in Dodging
  7305 | D:9      | 7305 ||| RETREEEEATING.
  7306 | D:9      | 7306 ||| RETREEEEATING.
  7307 | D:9      | 7307 ||| INVOKING Heroism.
  7403 | D:9      | 7403 ||| INVOKING Heroism.
  7500 | D:9      | Found a radiant altar of Vehumet.
  7567 | D:9      | Noticed a two-headed ogre
  7706 | D:9      | Found a snail-covered altar of Cheibriados.
  7771 | D:9      | 7771 ||| INVOKING Heroism.
  7775 | D:9      | Killed a two-headed ogre
  7775 | D:9      | Reached **** piety under Okawaru
  7776 | D:9      | Reached XP level 11. HP: 55/55 MP: 12/15
  7835 | D:9      | 7835 ||| READING 4 scrolls of identify.
  7835 | D:9      | 7835 ||| IDENTIFYING coppery potion
  7836 | D:9      | 7836 ||| READING 3 scrolls of identify.
  7836 | D:9      | 7836 ||| IDENTIFYING blue potion
  7837 | D:9      | 7837 ||| READING 2 scrolls of identify.
  7837 | D:9      | 7837 ||| IDENTIFYING scroll labelled HIONIM TEXIER
  7838 | D:9      | 7838 ||| DROPPING scroll of silence.
  7855 | D:10     | Entered Level 10 of the Dungeon
  7862 | D:10     | Noticed a death yak
  7862 | D:10     | Noticed a death yak
  7863 | D:10     | 7863 ||| RETREEEEATING.
  7865 | D:10     | 7865 ||| RETREEEEATING.
  7867 | D:10     | 7867 ||| RETREEEEATING.
  7868 | D:10     | Noticed a death yak
  7869 | D:10     | 7869 ||| RETREEEEATING.
  7870 | D:10     | Noticed a death yak
  7871 | D:10     | 7871 ||| RETREEEEATING.
  7873 | D:10     | 7873 ||| RETREEEEATING.
  7875 | D:10     | 7875 ||| RETREEEEATING.
  7876 | D:10     | 7876 ||| INVOKING Finesse.
  7893 | D:10     | Killed a death yak
  7894 | D:10     | 7894 ||| FLEEEEING.
  7895 | D:10     | 7895 ||| FLEEEEING.
  7896 | D:10     | 7896 ||| FLEEEEING.
  7897 | D:10     | 7897 ||| FLEEEEING.
  7897 | D:10     | Noticed a death yak
  7898 | D:10     | 7898 ||| FLEEEEING.
  7899 | D:10     | 7899 ||| STAIRDANCE
  7977 | D:10     | Noticed Nergalle
  7978 | D:10     | 7978 ||| INVOKING Finesse.
  7979 | D:10     | 7979 ||| INVOKING Finesse.
  7980 | D:10     | 7980 ||| INVOKING Finesse.
  8023 | D:10     | 8023 ||| INVOKING Finesse.
  8027 | D:10     | Killed Nergalle
  8065 | D:10     | Found a staircase to the Lair.
  8068 | D:10     | 8068 ||| RETREEEEATING.
  8069 | D:10     | 8069 ||| RETREEEEATING.
  8069 | D:10     | Noticed Sonja
  8104 | D:10     | 8104 ||| RETREEEEATING.
  8105 | D:10     | 8105 ||| RETREEEEATING.
  8106 | D:10     | 8106 ||| RETREEEEATING.
  8108 | D:10     | 8108 ||| INVOKING Finesse.
  8112 | D:10     | Reached skill level 13 in Dodging
  8134 | D:10     | Killed Sonja
  8222 | D:10     | 8222 ||| INVOKING Finesse.
  8390 | D:10     | Noticed Maurice
  8395 | D:10     | 8395 ||| INVOKING Finesse.
  8404 | D:10     | Maurice stole a ring of ice
  8413 | D:10     | Killed Maurice
  8505 | D:10     | 8505 ||| RETREEEEATING.
  8549 | D:10     | Found a stormy altar of Qazlal.
  8615 | D:10     | 8615 ||| RETREEEEATING.
  8621 | D:10     | Reached skill level 6 in Invocations
  8626 | D:10     | 8626 ||| RETREEEEATING.
  8631 | D:10     | HP: 9/55 [troll (11)]
  8632 | D:10     | 8632 ||| READING 3 scrolls of teleportation.
  8633 | D:10     | 8633 ||| DRINKING 2 potions of heal wounds.
  8639 | D:10     | HP: 12/55 [orc warrior/+0 long sword (22)]
  8640 | D:10     | 8640 ||| READING 2 scrolls of teleportation.
  8641 | D:10     | 8641 ||| DRINKING potion of heal wounds.
  8714 | D:10     | 8714 ||| READING scroll of brand weapon.
  8714 | D:10     | 8714 ||| BRANDING +0 orcbow of chaos.
  8773 | D:10     | Found an ancient bone altar of Kikubaaqudgha.
  8853 | D:10     | Reached skill level 1 in Armour
  8920 | D:10     | Reached ***** piety under Okawaru
  9012 | D:10     | 9012 ||| INVOKING Finesse.
  9021 | D:10     | Received a gift from Okawaru
  9029 | D:10     | Killed a death yak
  9043 | D:10     | Killed a death yak
  9044 | D:10     | Reached XP level 12. HP: 60/60 MP: 14/18
  9053 | D:10     | Killed a death yak
  9054 | D:10     | Reached skill level 6 in Fighting
  9064 | D:10     | Killed a death yak
  9114 | D:10     | 9114 ||| RETREEEEATING.
  9118 | D:10     | 9118 ||| RETREEEEATING.
  9121 | D:10     | 9121 ||| RETREEEEATING.
  9123 | D:10     | 9123 ||| RETREEEEATING.
  9151 | D:10     | Found a hide-covered altar of Uskayaw.
  9201 | D:10     | Found a portal to a secret trove of treasure.
  9347 | D:10     | Found a staircase to the Orcish Mines.
  9357 | D:10     | 9357 ||| Stepping ~*~*~tactically~*~*~ (cloud).
  9359 | D:10     | 9359 ||| Stepping ~*~*~tactically~*~*~ (cloud).
  9362 | D:10     | 9362 ||| Stepping ~*~*~tactically~*~*~ (cloud).
  9370 | D:10     | 9370 ||| DRINKING potion of curing.
  9370 | D:10     | 9370 ||| (to cure confusion)
  9372 | D:10     | 9372 ||| Stepping ~*~*~tactically~*~*~ (cloud).
  9396 | D:10     | 9396 ||| PLANNING LAIR
  9396 | D:10     | 9396 ||| UPGRADING to +0 cloak.
  9401 | D:10     | 9401 ||| READING 5 scrolls of identify.
  9401 | D:10     | 9401 ||| IDENTIFYING smoky purple potion
  9402 | D:10     | 9402 ||| READING 4 scrolls of identify.
  9402 | D:10     | 9402 ||| IDENTIFYING scroll labelled VERIER ZEMY
  9403 | D:10     | 9403 ||| DROPPING scroll of blinking.
  9404 | D:10     | 9404 ||| DROPPING potion of attraction.
  9480 | Lair:1   | Entered Level 1 of the Lair of Beasts
  9510 | Lair:1   | 9510 ||| RETREEEEATING.
  9511 | Lair:1   | 9511 ||| RETREEEEATING.
  9514 | Lair:1   | 9514 ||| RETREEEEATING.
  9515 | Lair:1   | 9515 ||| RETREEEEATING.
  9603 | Lair:1   | 9603 ||| RETREEEEATING.
  9605 | Lair:1   | 9605 ||| RETREEEEATING.
  9607 | Lair:1   | 9607 ||| RETREEEEATING.
  9611 | Lair:1   | 9611 ||| RETREEEEATING.
  9612 | Lair:1   | 9612 ||| RETREEEEATING.
  9628 | Lair:1   | Reached skill level 14 in Dodging
  9628 | Lair:1   | Reached skill level 9 in Invocations
  9803 | Lair:1   | 9803 ||| INVOKING Finesse.
 10354 | Lair:1   | 10354 ||| READING 3 scrolls of identify.
 10354 | Lair:1   | 10354 ||| IDENTIFYING scroll labelled KUTYATE PIO
 10355 | Lair:1   | 10355 ||| DROPPING scroll of noise.
 10501 | Lair:2   | Received a gift from Okawaru
 10520 | Lair:2   | 10520 ||| RETREEEEATING.
 10526 | Lair:2   | 10526 ||| RETREEEEATING.
 10527 | Lair:2   | 10527 ||| RETREEEEATING.
 10528 | Lair:2   | 10528 ||| RETREEEEATING.
 10529 | Lair:2   | 10529 ||| RETREEEEATING.
 10530 | Lair:2   | 10530 ||| RETREEEEATING.
 10532 | Lair:2   | 10532 ||| RETREEEEATING.
 10533 | Lair:2   | 10533 ||| RETREEEEATING.
 10534 | Lair:2   | 10534 ||| RETREEEEATING.
 10535 | Lair:2   | 10535 ||| RETREEEEATING.
 10537 | Lair:2   | 10537 ||| RETREEEEATING.
 10538 | Lair:2   | 10538 ||| RETREEEEATING.
 10539 | Lair:2   | 10539 ||| RETREEEEATING.
 10540 | Lair:2   | 10540 ||| RETREEEEATING.
 10541 | Lair:2   | 10541 ||| RETREEEEATING.
 10542 | Lair:2   | 10542 ||| RETREEEEATING.
 10543 | Lair:2   | 10543 ||| RETREEEEATING.
 10544 | Lair:2   | 10544 ||| RETREEEEATING.
 10545 | Lair:2   | 10545 ||| RETREEEEATING.
 10546 | Lair:2   | 10546 ||| RETREEEEATING.
 10547 | Lair:2   | 10547 ||| RETREEEEATING.
 10548 | Lair:2   | 10548 ||| RETREEEEATING.
 10551 | Lair:2   | 10551 ||| RETREEEEATING.
 10553 | Lair:2   | 10553 ||| RETREEEEATING.
 10569 | Lair:2   | HP: 11/61 [black mamba (11)]
 10570 | Lair:2   | 10570 ||| READING scroll of teleportation.
 10574 | Lair:2   | HP: 7/61 [poisoned by a black mamba]
 10579 | Lair:2   | HP: 7/61 [poisoned by a black mamba]
 10828 | Lair:2   | 10828 ||| RETREEEEATING.
 10829 | Lair:2   | 10829 ||| RETREEEEATING.
 10832 | Lair:2   | 10832 ||| RETREEEEATING.
 10833 | Lair:2   | 10833 ||| RETREEEEATING.
 10834 | Lair:2   | 10834 ||| RETREEEEATING.
 10835 | Lair:2   | 10835 ||| RETREEEEATING.
 10837 | Lair:2   | 10837 ||| RETREEEEATING.
 10842 | Lair:2   | 10842 ||| RETREEEEATING.
 10845 | Lair:2   | 10845 ||| RETREEEEATING.
 10852 | Lair:2   | 10852 ||| RETREEEEATING.
 10853 | Lair:2   | 10853 ||| RETREEEEATING.
 10854 | Lair:2   | 10854 ||| RETREEEEATING.
 11045 | Lair:2   | 11045 ||| RETREEEEATING.
 11049 | Lair:2   | 11049 ||| RETREEEEATING.
 11050 | Lair:2   | 11050 ||| RETREEEEATING.
 11051 | Lair:2   | 11051 ||| RETREEEEATING.
 11052 | Lair:2   | 11052 ||| RETREEEEATING.
 11053 | Lair:2   | 11053 ||| RETREEEEATING.
 11053 | Lair:2   | Found a staircase to the Snake Pit.
 11120 | Lair:2   | Reached skill level 15 in Ranged Weapons
 11266 | Lair:2   | 11266 ||| UPGRADING to +4 ring of protection.
 11267 | Lair:2   | 11267 ||| DROPPING ring of ice.
 11268 | Lair:2   | 11268 ||| READING 2 scrolls of identify.
 11268 | Lair:2   | 11268 ||| IDENTIFYING amethyst potion
 11269 | Lair:2   | 11269 ||| READING scroll of identify.
 11269 | Lair:2   | 11269 ||| IDENTIFYING golden potion
 11270 | Lair:2   | 11270 ||| DROPPING potion of ambrosia.
 11321 | Lair:3   | Found a staircase to the Shoals.
 11476 | Lair:3   | Identified the +9 falchion of Cowardice {flame, rN+ Int+5
                  | Dex+4}
 11545 | Lair:3   | 11545 ||| RETREEEEATING.
 11546 | Lair:3   | 11546 ||| INVOKING Finesse.
 11590 | Lair:3   | Reached skill level 15 in Dodging
 11592 | Lair:3   | Received a gift from Okawaru
 11593 | Lair:3   | Reached XP level 13. HP: 65/65 MP: 18/21
 12162 | Lair:3   | 12162 ||| READING 2 scrolls of identify.
 12162 | Lair:3   | 12162 ||| IDENTIFYING grey potion
 12163 | Lair:3   | 12163 ||| DROPPING potion of lignification.
 12180 | Lair:4   | 12180 ||| RETREEEEATING.
 12181 | Lair:4   | 12181 ||| RETREEEEATING.
 12182 | Lair:4   | 12182 ||| RETREEEEATING.
 12183 | Lair:4   | 12183 ||| RETREEEEATING.
 12184 | Lair:4   | 12184 ||| RETREEEEATING.
 12185 | Lair:4   | 12185 ||| RETREEEEATING.
 12186 | Lair:4   | 12186 ||| RETREEEEATING.
 12187 | Lair:4   | 12187 ||| RETREEEEATING.
 12188 | Lair:4   | 12188 ||| RETREEEEATING.
 12189 | Lair:4   | 12189 ||| RETREEEEATING.
 12190 | Lair:4   | 12190 ||| RETREEEEATING.
 12191 | Lair:4   | 12191 ||| RETREEEEATING.
 12192 | Lair:4   | 12192 ||| INVOKING Finesse.
 12193 | Lair:4   | 12193 ||| INVOKING Heroism.
 12412 | Lair:4   | 12412 ||| RETREEEEATING.
 12414 | Lair:4   | 12414 ||| RETREEEEATING.
 12415 | Lair:4   | 12415 ||| RETREEEEATING.
 12417 | Lair:4   | 12417 ||| RETREEEEATING.
 12420 | Lair:4   | 12420 ||| RETREEEEATING.
 12426 | Lair:4   | 12426 ||| RETREEEEATING.
 12427 | Lair:4   | 12427 ||| RETREEEEATING.
 12428 | Lair:4   | 12428 ||| RETREEEEATING.
 12437 | Lair:4   | 12437 ||| INVOKING Finesse.
 12530 | Lair:4   | 12530 ||| RETREEEEATING.
 12531 | Lair:4   | 12531 ||| RETREEEEATING.
 12533 | Lair:4   | 12533 ||| RETREEEEATING.
 12534 | Lair:4   | 12534 ||| RETREEEEATING.
 12535 | Lair:4   | 12535 ||| RETREEEEATING.
 12536 | Lair:4   | 12536 ||| RETREEEEATING.
 12537 | Lair:4   | 12537 ||| RETREEEEATING.
 12539 | Lair:4   | 12539 ||| RETREEEEATING.
 12547 | Lair:4   | 12547 ||| RETREEEEATING.
 12548 | Lair:4   | 12548 ||| RETREEEEATING.
 12549 | Lair:4   | 12549 ||| RETREEEEATING.
 12550 | Lair:4   | 12550 ||| RETREEEEATING.
 12551 | Lair:4   | 12551 ||| RETREEEEATING.
 12573 | Lair:4   | 12573 ||| RETREEEEATING.
 12574 | Lair:4   | 12574 ||| RETREEEEATING.
 12575 | Lair:4   | 12575 ||| RETREEEEATING.
 12576 | Lair:4   | 12576 ||| RETREEEEATING.
 12577 | Lair:4   | 12577 ||| RETREEEEATING.
 12667 | Lair:4   | Received a gift from Okawaru
 12822 | Lair:4   | 12822 ||| READING scroll of brand weapon.
 12822 | Lair:4   | 12822 ||| BRANDING +0 orcbow of freezing.
 12935 | Lair:4   | Found a viscous altar of Jiyva.
 13233 | Lair:5   | Entered Level 5 of the Lair of Beasts
 13245 | Lair:5   | 13245 ||| INVOKING Finesse.
 13280 | Lair:5   | 13280 ||| RETREEEEATING.
 13281 | Lair:5   | 13281 ||| RETREEEEATING.
 13283 | Lair:5   | 13283 ||| RETREEEEATING.
 13285 | Lair:5   | 13285 ||| RETREEEEATING.
 13287 | Lair:5   | 13287 ||| RETREEEEATING.
 13334 | Lair:5   | 13334 ||| RETREEEEATING.
 13335 | Lair:5   | 13335 ||| RETREEEEATING.
 13336 | Lair:5   | 13336 ||| RETREEEEATING.
 13340 | Lair:5   | 13340 ||| RETREEEEATING.
 13342 | Lair:5   | 13342 ||| RETREEEEATING.
 13343 | Lair:5   | 13343 ||| RETREEEEATING.
 13344 | Lair:5   | 13344 ||| RETREEEEATING.
 13346 | Lair:5   | 13346 ||| RETREEEEATING.
 13361 | Lair:5   | 13361 ||| RETREEEEATING.
 13388 | Lair:5   | 13388 ||| RETREEEEATING.
 13392 | Lair:5   | 13392 ||| RETREEEEATING.
 13396 | Lair:5   | 13396 ||| RETREEEEATING.
 13397 | Lair:5   | 13397 ||| RETREEEEATING.
 13398 | Lair:5   | 13398 ||| RETREEEEATING.
 13399 | Lair:5   | 13399 ||| RETREEEEATING.
 13400 | Lair:5   | 13400 ||| RETREEEEATING.
 13402 | Lair:5   | 13402 ||| RETREEEEATING.
 13403 | Lair:5   | 13403 ||| RETREEEEATING.
 13404 | Lair:5   | 13404 ||| RETREEEEATING.
 13405 | Lair:5   | 13405 ||| RETREEEEATING.
 13406 | Lair:5   | 13406 ||| RETREEEEATING.
 13407 | Lair:5   | 13407 ||| RETREEEEATING.
 13408 | Lair:5   | 13408 ||| RETREEEEATING.
 13410 | Lair:5   | 13410 ||| RETREEEEATING.
 13411 | Lair:5   | 13411 ||| RETREEEEATING.
 13414 | Lair:5   | 13414 ||| INVOKING Finesse.
 13415 | Lair:5   | 13415 ||| INVOKING Finesse.
 13433 | Lair:5   | Reached skill level 16 in Dodging
 13546 | Lair:5   | 13546 ||| RETREEEEATING.
 13549 | Lair:5   | 13549 ||| RETREEEEATING.
 13553 | Lair:5   | 13553 ||| RETREEEEATING.
 13554 | Lair:5   | 13554 ||| RETREEEEATING.
 13556 | Lair:5   | 13556 ||| RETREEEEATING.
 13557 | Lair:5   | 13557 ||| RETREEEEATING.
 13559 | Lair:5   | 13559 ||| RETREEEEATING.
 13560 | Lair:5   | 13560 ||| RETREEEEATING.
 13680 | Lair:5   | 13680 ||| Stepping ~*~*~tactically~*~*~ (cloud).
 13721 | Lair:5   | Got an earthy gem with 914 turns to spare
 13731 | Lair:5   | Reached skill level 17 in Dodging
 13737 | Lair:5   | 13737 ||| RETREEEEATING.
 13738 | Lair:5   | 13738 ||| RETREEEEATING.
 13740 | Lair:5   | 13740 ||| Stepping ~*~*~tactically~*~*~ (cloud).
 13765 | Lair:5   | HP: 15/67 [smoke demon] (9)]
 13765 | Lair:5   | HP: 2/67 [smoke demon/divine providence (14)]
 13766 | Lair:5   | 13766 ||| READING scroll of teleportation.
 13766 | Lair:5   | Incinerated by a smoke demon

Levels and vault maps discovered:
D:1:      scummos_arrival_simple_fountains, layout_rooms
D:2:      cheibrodos_greedy_goblins, layout_rooms, basic_altar,
          shapermc_ecumenical_altar_notcrosses, grunt_ministairs_2,
          minmay_cupped
D:3:      layout_basic, cheibrodos_sewer_entry_bend
D:4:      layout_loops_corners, mainiacjoe_overflow_chevrons,
          nicolae_gozag_seed_capital, nemelex_xobeh_ov_fountains_minmay,
          nicolae_ru_the_path_less_chosen, serial_shops,
          nicolae_inconvenience_store, nicolae_shop_statue_plus,
          nicolae_shop_gaudy_bauble, shop, kennysheep_generic_room_5
D:5:      layout_basic, mainiacjoe_overflow_alcove_2, kennysheep_little_box,
          lemuel_crystal_altar, roderic_batcave
D:6:      minmay_recursive_quarters, layout_layer_cave
D:7:      layout_cave_pools, lemuel_coloured_pillars_altar,
          minmay_temple_entry_gardened_gates, serial_shops, shop,
          ebering_ghost_xom, roderic_cross_of_infinity
D:8:      lemuel_castle_with_subvaults [lemuel_castle_interior_carwin_1],
          layout_loops_ring, nicolae_overflow_crystal_walls,
          mainiacjoe_overflow_alcove_1, zin_statuary, uniq_pikel
D:9:      layout_basic, kennysheep_mini_moat, vehumet_crystals
D:10:     layout_gridville, mainiacjoe_overflow_tiny_flanked,
          lemuel_mausoleum_altar_kikubaaqudgha, lemuel_doored_altar,
          dpeg_lair_monsters, erik_orc_1, nicolae_trove_entry_columns,
          minmay_misc_feat_encased, uniq_maurice, uniq_nergalle, uniq_sonja
Temple:   hellmonk_temple_flake
Lair:1:   layout_cave_pods
Lair:2:   layout_chaotic_city, dummy_snake_entry, serial_forest,
          infiniplex_forest_clump_long, infiniplex_forest_lined_room_3,
          infiniplex_forest_lined_ring, infiniplex_forest_lined_corner,
          infiniplex_forest_lined_room_2
Lair:3:   layout_regular_city, minmay_shoals_entry_centaurs
Lair:4:   layout_regular_city, minmay_slime_entry_oklob_enclosed
Lair:5:   hellmonk_lair_end_abyssal_woods, layout_cave_pods,
          serial_bayou_lagoon_a

Skill      XL: |  1  2  3  4  5  6  7  8  9 10 11 12 13 |
---------------+----------------------------------------+-----
Dodging        | 3 4 5 6 7 9 10 12 13 15 17 | 17.0
Ranged Weapons | 5 6 8 10 11 13 14 15 16 | 16.0
Fighting       | 3 4 5 6 7 |  7.1
Invocations    | 4 7 10 | 10.0
Armour         | 1 |  1.0
Stealth        | |  1.5

Action                     |  1- 3 |  4- 6 |  7- 9 | 10-12 | 13-15 || total
---------------------------+-------+-------+-------+-------+-------++-------
   Fire: Shortbow          |    86 |   150 |   116 |       |       ||   352
         Orcbow            |       |       |   407 |  1116 |   527 ||  2050
 Invoke: Heroism           |       |       |     1 |     5 |     1 ||     7
         Finesse           |       |       |       |     9 |     4 ||    13
  Evoke: Wand              |       |    11 |     3 |       |       ||    14
    Use: Scroll            |     4 |     4 |    10 |    15 |     3 ||    36
         Potion            |     2 |       |     3 |     3 |       ||     8
 Armour: Robe              |     6 |    10 |       |       |       ||    16
         Troll leather arm |       |    11 |    74 |   109 |    56 ||   250
  Dodge: Dodged            |    22 |    81 |   274 |   671 |   304 ||  1352
  Block: Other             |       |     8 |    72 |   115 |    54 ||   249
         Reflection        |       |       |     2 |     2 |     2 ||     6

Table legend:
 A = Non-vault XP
 B = Vault XP
 C = Vault XP percentage of total XP
 D = Non-vault monster count
 E = Vault monster count
 F = Vault count percentage of total count
                 A         B        C        D         E       F
            +---------+---------+-------+---------+---------+-------
      Total |   36915 |   20604 |  35.8 |     289 |     160 |  35.6
            +---------+---------+-------+---------+---------+-------
        D:1 |      14 |       0 |   0.0 |      10 |       0 |   0.0
        D:2 |      44 |      77 |  63.6 |      17 |      15 |  46.9
        D:3 |      61 |       4 |   6.2 |      14 |       1 |   6.7
        D:4 |     497 |       7 |   1.4 |      17 |       3 |  15.0
        D:5 |     440 |      14 |   3.1 |       9 |      10 |  52.6
        D:6 |     314 |     173 |  35.5 |      15 |       4 |  21.1
        D:7 |    1140 |       0 |   0.0 |      28 |       0 |   0.0
        D:8 |    1134 |    4081 |  78.3 |      16 |      56 |  77.8
        D:9 |    2739 |       0 |   0.0 |      27 |       0 |   0.0
       D:10 |    4373 |   10128 |  69.8 |      29 |      39 |  57.4
     Lair:1 |    4339 |       0 |   0.0 |      19 |       0 |   0.0
     Lair:2 |    4780 |       0 |   0.0 |      24 |       0 |   0.0
     Lair:3 |    5264 |     218 |   4.0 |      17 |       2 |  10.5
     Lair:4 |    7897 |     505 |   6.0 |      32 |       1 |   3.0
     Lair:5 |    3879 |    5133 |  57.0 |      15 |      22 |  59.5
      Sewer |       0 |     264 | 100.0 |       0 |       7 | 100.0
            +---------+---------+-------+---------+---------+-------
